 Dungeon Crawl Stone Soup version 0.32-a0-18-g89e19f1974 (webtiles) character file.

Game seed: 1046445793303251315

5954 jasper the Thaumaturge (level 10, -4/63 HPs)
             Began as a Deep Elf Alchemist on Jan 16, 2024.
             Was a Priest of Vehumet.
             Slain by a centaur warrior (5 damage)
             ... on level 9 of the Dungeon.
             The game lasted 00:16:09 (10287 turns).

jasper the Thaumaturge (Deep Elf Alchemist)        Turns: 10287, Time: 00:16:09

Health: -4/63      AC:  5    Str:  5    XL:     10   Next: 54%
Magic:  19/27      EV: 17    Int: 25    God:    Vehumet [***...]
Gold:   166        SH:  0    Dex: 15    Spells: 16/32 levels left

rFire   . . .        A - +4 scythe (vamp)
rCold   . . .        (shield currently unavailable)
rNeg    . . .        a - +1 robe
rPois   .            c - +0 helmet
rElec   .            D - +0 cloak
rCorr   .            (no gloves)
SInv    .            (no boots)
Will    +....        (no amulet)
Stlth   ++           (no ring)
HPRegen 0.30/turn    (no ring)
MPRegen 0.20/turn

%: no passive effects
@: radiating poison
A: no striking features
a: Renounce Religion


You were on level 9 of the Dungeon.
You worshipped Vehumet.
Vehumet was most pleased with you.
You visited 2 branches of the dungeon, and saw 10 of its levels.

You collected 421 gold pieces.
You spent 255 gold pieces at shops.

Inventory:

Hand Weapons
 g - a +2 dagger of pain
 A - a +4 vampiric scythe (weapon)
Missiles
 e - 76 stones
 o - 6 atropa-tipped darts
 q - 5 curare-tipped darts
 v - 6 silver javelins
Armour
 a - a +1 robe (worn)
 c - a +0 helmet (worn)
 l - a +0 leather armour
 x - the +2 helmet of Bad Feelings {-Tele +Inv Regen+}
   (You found it on level 5 of the Dungeon)

   +Inv:      It lets you turn invisible.
   -Tele:     It prevents most forms of teleportation.
   Regen+:    It increases your rate of health regeneration.
 D - a +0 cloak (worn)
Jewellery
 B - a ring of fire
Wands
 C - a wand of paralysis (31)
 E - a wand of flame (23)
 H - a wand of digging (4)
Scrolls
 f - 4 scrolls of vulnerability
 h - 5 scrolls of amnesia
 k - 2 scrolls of blinking
 m - 5 scrolls of teleportation
 r - 3 scrolls of revelation
 t - a scroll of poison
 y - 5 scrolls of identify
 z - 2 scrolls of fog
 G - 2 scrolls of immolation
 I - a scroll of fear
Potions
 b - a potion of haste {unknown}
 d - 4 potions of degeneration
 i - 5 potions of attraction {unknown}
 j - a potion of heal wounds
 n - a potion of might {unknown}
 p - a potion of resistance {unknown}
 s - 3 potions of brilliance {unknown}
 u - 4 potions of curing {unknown}
 w - a potion of magic


   Skills:
 + Level 7.0 Fighting
 + Level 10.3 Dodging
 - Level 2.4 Stealth
 + Level 11.6 Spellcasting
 - Level 2.0 Conjurations
 - Level 1.0 Translocations
 - Level 3.0 Fire Magic
 - Level 2.0 Air Magic
 - Level 6.0 Alchemy


You had 16 spell levels left.
You knew the following spells:

 Your Spells              Type           Power      Damage    Failure   Level
a - Sting                 Conj/Alch      100%       1d9       1%          1
b - Mephitic Cloud        Conj/Alch/Air  31%        N/A       1%          3
c - Olgreb's Toxic Radia  Alch           44%        N/A       1%          4
d - Sticky Flame          Fire/Alch      37%        2d8       1%          4
e - Blink                 Tloc           38%        N/A       4%          2
g - Searing Ray           Conj           48%        2d6       1%          2

Your spell library contained the following spells:

 Spells                   Type           Power      Damage    Failure   Level
 Volatile Blastmotes      Fire/Tloc      48%        2d14      1%          3
 Magic Dart               Conj           96%        1d7       1%          1
 Sandblast                Erth           28%        2d8       1%          1
 Mercury Vapours          Alch/Air       68%        N/A       1%          2
 Cigotuvi's Dreadful Rot  Necr/Alch/Air  54%        N/A       2%          2
 Lesser Beckoning         Tloc           38%        N/A       4%          2
 Call Imp                 Summ           28%        N/A       6%          2
 Gell's Gravitas          Tloc           19%        N/A       9%          3
 Teleport Other           Tloc           19%        N/A       9%          3
 Ozocubu's Armour         Ice            14%        N/A       13%         3
 Dispel Undead            Necr           14%        3d10      38%         4
 Martyr's Knell           Necr/Summ      14%        N/A       38%         4
 Metabolic Englaciation   Hex/Ice        7%         N/A       75%         5
 Sculpt Simulacrum        Ice/Alch       14%        N/A       88%         6
 Death Channel            Necr           7%         N/A       100%        6


Dungeon Overview and Level Annotations

Branches:
Dungeon (9/15)             Temple (1/1) D:4            Lair (0/5) D:9
    Orc: D:9-12

Altars:
Ashenzari
Cheibriados
Dithmenos
Elyvilon
Fedhas
Gozag
Hepliaklqana
Kikubaaqudgha
Nemelex Xobeh
Okawaru
Qazlal
Sif Muna
Trog
Uskayaw
Vehumet
Wu Jian
Xom
Yredelemnul
Zin
The Shining One

Shops:
D:6 ?

Annotations:
D:9 1 runed translucent door, whatisthis's ghost, novice HOMo


Message History

The centaur warrior unwields a +0 orcbow.
The centaur warrior misses you.
The centaur warrior kicks you but does no damage.
You hit the centaur warrior.
You feel better.
The centaur warrior is lightly wounded.
The centaur warrior hits you!
The centaur warrior closely misses you. x2
The centaur warrior kicks you.
You take 7 damage, and have 22/63 hp.
Casting: Olgreb's Toxic Radiance (dangerous; 1% risk of failure)
Confirm with . or Enter, or press ? or * to list all spells.
You begin to radiate toxic energy.
The centaur warrior is poisoned.
The centaur warrior misses you. The centaur warrior kicks you.
The centaur warrior barely misses you. The centaur warrior kicks you.
* * * LOW HITPOINT WARNING * * *
You take 6 damage, and have 16/63 hp.
You now have 22/27 mp.
You feel much better.
Your toxic aura wanes.
The centaur warrior hits you.
The centaur warrior kicks you but does no damage.
You regained 16 hp, and now have 32/63 hp.
Casting: Olgreb's Toxic Radiance (dangerous; 1% risk of failure)
Confirm with . or Enter, or press ? or * to list all spells.
Okay, then.
Casting: Olgreb's Toxic Radiance (dangerous; 1% risk of failure)
Confirm with . or Enter, or press ? or * to list all spells.
You begin to radiate toxic energy.
The centaur warrior looks even sicker.
The centaur warrior hits you! The centaur warrior kicks you.
* * * LOW HITPOINT WARNING * * *
The centaur warrior hits you!
* * * LOW HITPOINT WARNING * * *
The centaur warrior kicks you.
* * * LOW HITPOINT WARNING * * *
You take 25 damage, and have 7/63 hp.
MASSIVE DAMAGE!!
You now have 18/27 mp.
You hit the centaur warrior.
You feel better.
The centaur warrior is moderately wounded.
The centaur warrior hits you!
* * * LOW HITPOINT WARNING * * *
The centaur warrior kicks you but does no damage.
The centaur warrior hits you.
You die...

#...........#.......###'###'#
#..).........##.....#..#.....
#...........#...#...#..#.....
#..........###.##...'..'###+#
#....)......#..#.#..#..#.'..)
#........###.##.###.#..#.#..)
#<......#...#######.'##'.#._.
#<.........c.# #.##..#.#...
#<........##@### ##.#..#.+...
#.........###..## #.'..'###'#
#.........###...# ###..#.....
#..........#.########..#.....
#....c....#..#.#....###'###+#
#...........###.#....#.......
#.....c.......#.....#.#...##.
#..............##.....#######
#.....^.......##....#.# #


You could see a centaur warrior (very poisoned).

Vanquished Creatures
  A two-headed ogre (D:9)
  Grinder (D:3)
  A wyvern (D:5)
  Sigmund (D:5)
  4 yaks (D:9)
  A steam dragon (D:6)
  An acid dragon (D:9)
  5 water moccasins
  An orc warrior (D:9)
  5 black bears
  2 ice beasts (D:6)
  An ogre (D:4)
  4 centaurs
  A phantom (D:6)
  3 scorpions
  5 bullfrogs
  5 wights (D:8)
  5 killer bees
  6 electric eels (D:5)
  3 howler monkeys
  6 jellies
  A gnoll bouda (D:5)
  8 orc priests
  2 hounds
  2 iguanas
  Ijyb (D:5)
  6 orc wizards
  A sleepcap (D:4)
  4 gnolls (D:5)
  9 adders
  2 shadow imps (D:7)
  3 white imps (D:6)
  3 dart slugs
  3 ribbon worms
  30 orcs
  8 bats
  7 endoplasms
  6 giant cockroaches
  9 goblins
  14 hobgoblins
  4 jackals (D:2)
  7 quokkas
  7 ball pythons
  3 frilled lizards
  5 kobolds
  6 rats
213 creatures vanquished.

Vanquished Creatures (others)
  A human (D:6)
1 creature vanquished.

Grand Total: 214 creatures vanquished

Notes
Turn   | Place    | Note
-------+----------+-------------------------------------------
     0 | D:1      | jasper the Deep Elf Alchemist began the quest for the Orb.
     0 | D:1      | Reached XP level 1. HP: 10/10 MP: 6/6
   236 | D:1      | Reached XP level 2. HP: 15/15 MP: 2/8
   859 | D:2      | Reached XP level 3. HP: 19/19 MP: 6/9
   863 | D:2      | Learned a level 3 spell: Mephitic Cloud
  1200 | D:2      | Reached skill level 5 in Alchemy
  1633 | D:2      | You fall into a shaft and drop 2 floors!
  1655 | D:4      | Reached XP level 4. HP: 24/24 MP: 7/10
  1660 | D:4      | Learned a level 4 spell: Olgreb's Toxic Radiance
  1752 | D:4      | Noticed a scorpion
  1758 | D:4      | Killed a scorpion
  1759 | D:4      | Reached skill level 4 in Spellcasting
  1759 | D:4      | Reached XP level 5. HP: 21/28 MP: 6/13
  1764 | D:4      | Learned a level 4 spell: Sticky Flame
  1839 | D:4      | Noticed an ogre
  1863 | D:4      | Killed an ogre
  2205 | D:4      | Reached XP level 6. HP: 32/32 MP: 11/14
  2402 | D:4      | Reached skill level 1 in Air Magic
  2763 | D:4      | Found a staircase to the Ecumenical Temple.
  2815 | Temple   | Entered the Ecumenical Temple
  2824 | Temple   | Became a worshipper of Vehumet
  3265 | D:3      | Found an opulent altar of Gozag.
  3554 | D:3      | Found a blossoming altar of Fedhas.
  3589 | D:3      | Found a faded altar of an unknown god.
  3697 | D:3      | Noticed Grinder
  3704 | D:3      | Killed Grinder
  3705 | D:3      | Reached skill level 1 in Fighting
  3705 | D:3      | Reached skill level 5 in Spellcasting
  3705 | D:3      | Reached XP level 7. HP: 34/39 MP: 1/16
  4234 | D:3      | Reached * piety under Vehumet
  4234 | D:3      | Offered knowledge of Sandblast by Vehumet.
  4411 | D:5      | Entered Level 5 of the Dungeon
  4411 | D:5      | Noticed Sigmund
  4420 | D:5      | Killed Sigmund
  4424 | D:5      | Identified the +2 helmet of Bad Feelings {-Tele +Inv
                  | Regen+}
  4440 | D:5      | Reached skill level 6 in Spellcasting
  4451 | D:5      | Found a glowing golden altar of the Shining One.
  4514 | D:5      | Learned a level 2 spell: Blink
  4668 | D:5      | Reached skill level 5 in Dodging
  4668 | D:5      | Reached XP level 8. HP: 45/45 MP: 14/19
  4717 | D:5      | Reached skill level 1 in Translocations
  4719 | D:5      | Learned a level 1 spell: Sandblast
  4766 | D:5      | Noticed Ijyb
  4776 | D:5      | Killed Ijyb
  4975 | D:5      | Reached skill level 7 in Spellcasting
  5618 | D:5      | Found a white marble altar of Elyvilon.
  5685 | D:5      | Reached ** piety under Vehumet
  5943 | D:6      | Offered knowledge of Searing Ray by Vehumet.
  5947 | D:6      | Learned a level 2 spell: Searing Ray
  5975 | D:6      | Reached skill level 8 in Spellcasting
  6171 | D:6      | Reached XP level 9. HP: 52/52 MP: 16/23
  6594 | D:6      | Found an ancient bone altar of Kikubaaqudgha.
  6673 | D:6      | Reached skill level 9 in Spellcasting
  6706 | D:6      | Reached skill level 5 in Fighting
  6964 | D:6      | Found Aggup's Magic Scroll Shoppe.
  6967 | D:6      | Bought a scroll of fear for 40 gold pieces
  6967 | D:6      | Bought a scroll of fog for 40 gold pieces
  6967 | D:6      | Bought a scroll of revelation for 75 gold pieces
  6967 | D:6      | Bought a scroll of teleportation for 30 gold pieces
  6967 | D:6      | Bought a scroll of teleportation for 30 gold pieces
  6967 | D:6      | Bought a scroll of immolation for 40 gold pieces
  7221 | D:6      | Found an iron altar of Okawaru.
  7226 | D:6      | Found a shadowy altar of Dithmenos.
  8144 | D:8      | Offered knowledge of Volatile Blastmotes by Vehumet.
  8642 | D:8      | Reached skill level 10 in Spellcasting
  9084 | D:9      | Found a snail-covered altar of Cheibriados.
  9128 | D:9      | Found a staircase to the Lair.
  9136 | D:9      | Reached XP level 10. HP: 51/60 MP: 15/26
  9191 | D:9      | Found a stormy altar of Qazlal.
  9220 | D:9      | Found a bloodstained altar of Trog.
  9406 | D:9      | Reached *** piety under Vehumet
  9551 | D:9      | Found a runed translucent door.
  9555 | D:9      | Noticed whatisthis's ghost (novice HOMo)
  9592 | D:9      | Noticed a centaur warrior
  9871 | D:9      | Noticed a two-headed ogre
  9895 | D:9      | Reached skill level 11 in Spellcasting
  9924 | D:9      | Killed a two-headed ogre
  9925 | D:9      | Reached skill level 10 in Dodging
 10274 | D:9      | HP: 1/63 [centaur warrior/arrow (27)]
 10287 | D:9      | HP: 1/63 [centaur warrior (8)]
 10287 | D:9      | Slain by a centaur warrior

Illustrated notes

Levels and vault maps discovered:
D:1:      evilmike_arrival_rings, layout_rooms
D:2:      layout_loops_cross
D:3:      layout_loops_corners, mainiacjoe_overflow_catwalk, marbit_many_paths,
          ebering_ecumenical_altar_webs, grunt_decor_resistance, uniq_grinder
D:4:      corexii_shack_village, layout_basic, temple_doors_ab
D:5:      cheibrodos_two_vegetables, layout_basic, lemuel_doored_altar,
          mainiacjoe_overflow_surrounded_room, dreamdust_mushroom_princess,
          uniq_sigmund, uniq_ijyb
D:6:      layout_cave_pods, jmf_multi_god_temple2, tgw_kikubaaqudgha,
          serial_shops, nicolae_shop_rolled_up, minmay_pentangle
D:7:      layout_basic
D:8:      layout_rooms
D:9:      layout_big_octagon, mainiacjoe_overflow_24_doors,
          mainiacjoe_overflow_catch_the_wave, due_lair_maze_entry_diamond,
          hellmonk_ghost_big_iron, grunt_tough_drop
Temple:   nicolae_temple_ecumenical_triangle

Skill      XL: |  1  2  3  4  5  6  7  8  9 10 |
---------------+-------------------------------+-----
Alchemy        | 4 5 6 |  6.0
Spellcasting   | 4 5 6 8 10 11 | 11.6
Fire Magic     | 3 |  3.0
Conjurations   | 2 |  2.0
Air Magic      | 2 |  2.0
Fighting       | 1 2 4 6 7 |  7.0
Dodging        | 3 5 7 9 10 | 10.3
Translocations | 1 |  1.0
Stealth        | |  2.4

Action                     |  1- 3 |  4- 6 |  7- 9 | 10-12 || total
---------------------------+-------+-------+-------+-------++-------
  Melee: Dagger            |     2 |     7 |    26 |       ||    35
         Punch             |       |       |     2 |       ||     2
         Halberd           |       |       |    12 |    21 ||    33
   Cast: Sting             |    83 |    64 |    44 |       ||   191
         Olgreb's Toxic Ra |       |    18 |    47 |    25 ||    90
         Mephitic Cloud    |       |     1 |     6 |     2 ||     9
         Sticky Flame      |       |     1 |    15 |     1 ||    17
         Searing Ray       |       |       |    15 |     1 ||    16
         Sandblast         |       |       |     2 |       ||     2
    Use: Scroll            |     4 |     1 |     6 |     1 ||    12
         Potion            |       |       |     3 |     4 ||     7
   Stab: Sleeping          |       |     1 |       |       ||     1
 Armour: Robe              |    12 |    14 |    77 |    40 ||   143
  Dodge: Dodged            |    11 |    12 |    95 |    32 ||   150

Table legend: (Time is in decaauts)
 A = Elapsed time spent in this place.
 B = Non-inter-level travel time spent in this place.
 C = Inter-level travel time spent in this place.
 D = Time resting spent in this place.
 E = Time spent auto-exploring this place.
 F = Levels seen in this place.
 G = Mean time per level.
                   A        B        C        D        E       F      G
               +--------+--------+--------+--------+--------+-----+--------+
         Total |  10345 |  10170 |    175 |    418 |   8340 |  10 | 1034.5 |
       Dungeon |  10326 |  10159 |    167 |    418 |   8340 |   9 | 1147.3 |
        Temple |     18 |     10 |      8 |      0 |      0 |   1 |   18.0 |
               +--------+--------+--------+--------+--------+-----+--------+

Top non-repeatable levels by time:
     D:6: 1559 daAuts
     D:5: 1527 daAuts
     D:9: 1432 daAuts
     D:3: 1419 daAuts
     D:4: 1339 daAuts
     D:2: 897 daAuts
     D:1: 734 daAuts
     D:8: 727 daAuts
     D:7: 688 daAuts
  Temple: 18 daAuts
